 Dungeon Crawl Stone Soup version 0.19.5 (webtiles) character file.

126 Lizzreth the Slasher (level 4, -3/35 HPs)
             Began as a Demonspawn Fighter on Mar 20, 2017.
             Slain by a worker ant (4 damage)
             ... on level 4 of the Dungeon.
             The game lasted 00:09:26 (2083 turns).

Lizzreth the Slasher (Demonspawn Fighter)           Turns: 2083, Time: 00:09:28

Health: -3/35      AC:  7    Str: 21    XL:     4   Next: 84%
Magic:  4/4        EV:  4    Int:  9    God:
Gold:   195        SH:  9    Dex: 13    Spells: 0 memorised, 3 levels left

rFire  . . .     SeeInvis .     a - +1 long sword
rCold  + . .     Gourm    .     b - +0 scale mail
rNeg   . . .     Faith    .     c - +0 shield
rPois  .         Spirit   .     (helmet restricted)
rElec  .         Reflect  .     (no cloak)
rCorr  .         Harm     .     n - +0 pair of gloves
MR     .....                    (no boots)
Stlth  ..........               j - amulet of magic regeneration
                                t - ring of wizardry
                                h - +4 ring of strength

@: lethally poisoned (-3 -> -9), starving, constricted
A: antennae 1, cold resistance 1
a: no special abilities


You were on level 4 of the Dungeon.
You were starving.

You visited 1 branch of the dungeon, and saw 4 of its levels.

You collected 195 gold pieces.

Inventory:

Hand Weapons
 a - a +1 long sword (weapon)
Armour
 b - a +0 scale mail (worn)
 c - a +0 shield (worn)
 n - a +0 pair of gloves (worn)
Jewellery
 h - a +4 ring of strength (left hand)
 j - an amulet of magic regeneration (around neck)
 t - a ring of wizardry (right hand)
Scrolls
 g - 3 scrolls of identify
 i - a scroll of noise
 k - a scroll of enchant weapon
 l - a scroll of amnesia
 p - 2 scrolls of remove curse
Potions
 d - 3 potions of might
 o - a potion of curing
Comestibles
 f - 3 bread rations
 q - a meat ration


   Skills:
 - Level 3.0 Fighting
 + Level 4.5 Long Blades
 - Level 2.6 Armour
 - Level 2.7 Shields


You had 3 spell levels left.
You didn't know any spells.

Dungeon Overview and Level Annotations

Branches:
Dungeon (4/15)
 Temple: D:4-7

Altars:
Okawaru


Innate Abilities, Weirdness & Mutations

You have a pair of small antennae on your head.
Your flesh is cold resistant. (rC+)


Message History

The ball python bites you but does no damage.
The ball python constricts you. You block the worker ant's attack.
You block the iguana's attack.
The ball python bites you but does no damage.
The ball python constricts you.
The worker ant bites you but does no damage.
The ball python bites you but does no damage.
The ball python constricts you. You block the worker ant's attack.
The iguana bites you!
The ball python bites you but does no damage.
The ball python constricts you. The worker ant bites you.
You are poisoned.
The worker ant poisons you! The iguana bites you!
* * * LOW HITPOINT WARNING * * *
The ball python bites you but does no damage.
The ball python constricts you.
Unknown command.
* * * LOW HITPOINT WARNING * * *
You feel sick. The worker ant bites you.
You die...

##.. . ##..... ... .
...=... ..# ####. .
#####.# ... ...# .#
...##.# #a#.##..##.
..#.#.####.# ......
.......#.#.# #..#
...........####a@######
................Sl....#
....<.....)####..####.#
.......#.#.# #..#
#.##.#####.# #.).#
#[##.#####.# #..##
...#........ ...#
.#<........####.#
..%#..###### #.#


You could see an iguana, a worker ant and a ball python.

Vanquished Creatures
  Ijyb (D:2)
  An adder (D:2)
  A worm (D:2)
  2 dart slugs
  2 leopard geckos
  An orc (D:3)
  7 bats
  3 giant cockroaches (D:1)
  13 goblins
  16 hobgoblins
  8 jackals
  5 frilled lizards
  5 kobolds
  9 rats
74 creatures vanquished.

Notes
Turn   | Place    | Note
-------+----------+-------------------------------------------
     0 | D:1      | Lizzreth the Demonspawn Fighter began the quest for the Orb.
     0 | D:1      | Reached XP level 1. HP: 18/18 MP: 1/1
    57 | D:1      | Reached skill level 2 in Long Blades
   232 | D:1      | Gained mutation: You have a pair of small antennae on your head. [demonic ancestry]
   232 | D:1      | Reached XP level 2. HP: 23/24 MP: 2/2
   447 | D:1      | Reached skill level 3 in Long Blades
   589 | D:1      | Reached XP level 3. HP: 26/29 MP: 3/3
   669 | D:2      | Noticed Ijyb
   689 | D:2      | Killed Ijyb
   910 | D:2      | Gained mutation: Your flesh is cold resistant. (rC+) [demonic ancestry]
   910 | D:2      | Reached XP level 4. HP: 34/35 MP: 4/4
   919 | D:2      | Reached skill level 4 in Long Blades
  1704 | D:3      | Found an iron altar of Okawaru.
  2083 | D:4      | HP: 1/35 [poisoned by a worker ant]
  2083 | D:4      | Slain by a worker ant

Skill      XL: |  1  2  3  4 |
---------------+-------------+-----
Long Blades    | 2 3 4 |  4.5
Fighting       | |  3.0
Armour         | |  2.6
Shields        | |  2.7

Action                   |  1- 3 |  4- 6 || total
-------------------------+-------+-------++-------
Melee: Long sword        |   116 |    92 ||   208
  Use: Scroll            |       |     6 ||     6
       Potion            |       |     4 ||     4
  Eat: Chunk             |       |     2 ||     2
Armor: Scale mail        |    50 |    76 ||   126
       Skin              |       |     3 ||     3
Dodge: Dodged            |    41 |    41 ||    82
Block: Shield            |    63 |    70 ||   133
       Rpst.: Long sword |    16 |    16 ||    32
